 Dungeon Crawl Stone Soup version 0.29.0-15-g675c0067aa (webtiles) character file.

Game seed: 18372521913099227367

91 qw the Chopper (level 4, 0/28 HPs)
             Began as a Gargoyle Fighter on Sept 12, 2022.
             Slain by an orc priest
             ... wielding a +0 hand axe
              (6 damage)
             ... on level 3 of the Dungeon.
             The game lasted 00:00:45 (1998 turns).

qw the Chopper (Gargoyle Fighter)                   Turns: 1998, Time: 00:00:46

Health: 0/28       AC: 11    Str: 22    XL:     4   Next: 59%
Magic:  4/4        EV:  9    Int:  8    God:
Gold:   104        SH:  4    Dex:  9    Spells: 3/3 levels left

rFire   . . .      SeeInvis .   Y - +0 war axe
rCold   . . .      Faith    .   c - +0 buckler
rNeg    + . .      Spirit   .   b - +0 scale mail
rPois   inf        Reflect  .   (no helmet)
rElec   +          Harm     .   f - +0 cloak
rCorr   .          Rampage  .   (no gloves)
Will    .....                   (no boots)
Stlth   ..........              (no amulet)
HPRegen 0.09/turn               (no ring)
MPRegen 0.09/turn               (no ring)

@: about to teleport
A: sickness immunity, AC +3, negative energy resistance 1, electricity
resistance, torment resistance 1, petrification resistance
a: no special abilities


You were on level 3 of the Dungeon.
You visited 1 branch of the dungeon, and saw 3 of its levels.

You collected 104 gold pieces.


Innate Abilities, Weirdness & Mutations

You are immune to sickness and miasma.
Your stone body is resilient. (AC +3)
You are immune to poison.
You resist negative energy. (rN+)
You are resistant to electric shocks. (rElec)
You are resistant to unholy torment.
You are immune to petrification.


   Skills:
 - Level 3.2 Fighting
 + Level 4.0 Axes
 - Level 1.0 Throwing
 - Level 3.2 Armour
 - Level 3.2 Shields


You had 3 spell levels left.
You didn't know any spells.
Your spell library was empty.

Inventory:

Hand Weapons
 n - a +0 whip
 Y - a +0 war axe (weapon)
Missiles
 i - 3 javelins (quivered)
Armour
 b - a +0 scale mail (worn)
 c - a +0 buckler (worn)
 f - a +0 cloak (worn)
Scrolls
 m - a scroll of identify {unknown}
Potions
 a - a potion of lignification {unknown}
 d - a potion of might
 e - a potion of degeneration {unknown}
 h - a potion of brilliance {unknown}
 k - a potion of attraction {unknown}
 l - a potion of experience {unknown}

Dungeon Overview and Level Annotations

Branches:
Dungeon (3/15)

Altars:
Vehumet


Message History

You see here a worm corpse.
You hit the orc priest.
The orc priest is lightly wounded.
The orc priest hits you with a +0 hand axe.
You slash the orc priest!
The orc priest is severely wounded.
The orc priest closely misses you.
The orc wizard gestures wildly while chanting.
The orc wizard flickers and vanishes!
Deactivating autopickup; reactivate with Ctrl-A.
The orc priest mumbles some strange prayers to Beogh against you.
Beogh smites you!
You closely miss the orc priest.
The orc priest is severely wounded.
You barely miss the orc priest.
The orc priest is severely wounded.
You hit the kobold.
You kill the kobold!
The orc priest hits you with a +0 hand axe.
You closely miss the orc priest.
The orc priest is severely wounded.
You hit something but do no damage. The orc priest barely misses you.
Something hits you but does no damage.
The orc priest hits you but does no damage.
You barely miss the orc priest.
The orc priest is severely wounded.
You hit the orc.
The orc priest invokes the aid of Beogh against you.
Pain shoots through your body! The orc hits you but does no damage.
1997 ||| READING scroll of teleportation.
As you read the scroll of teleportation, it crumbles to dust.
You feel strangely unstable.
A bat comes into view.
The orc priest hits you but does no damage.
The orc hits you but does no damage.
You barely miss the orc priest.
The orc priest is severely wounded.
You hit the orc.
The orc priest hits you with a +0 hand axe.
You die...

###.###... #.... #.##...~
#.... # #.##.#.. #....
..#####..##.## #....
...........#### .. #....
..8..<..8...'(# .. #...w
...........##.# . ## #{o##
..#####..###.# #.
..####o@###.# #.## #.#
.###.......b.#.## #.####..
..........#....# #...##<.
#..#####...##..######.....
#<.###...#................
#...##.####...############
#.#.#..# #..#............
#.#...## ##.#..#......#..
#.##...### #..##........##


You could see an orc priest, a dart slug, an orc and a bat.

Vanquished Creatures
  3 adders
  2 worms
  An orc (D:3)
  6 bats
  An endoplasm (D:1)
  2 giant cockroaches
  3 goblins
  3 hobgoblins
  10 jackals
  5 kobolds
  A quokka (D:2)
  9 ball pythons
  A frilled lizard (D:1)
  8 rats
55 creatures vanquished.

Notes
Turn   | Place    | Note
-------+----------+-------------------------------------------
     0 | D:1      | qw the Gargoyle Fighter began the quest for the Orb.
     0 | D:1      | Reached XP level 1. HP: 14/14 MP: 1/1
     0 | D:1      | 0 ||| qw: Version: 0.1-a-119-g272c26d
     0 | D:1      | 0 ||| qw: Game counter: 11028
     0 | D:1      | 0 ||| qw: Always use a shield: true
     0 | D:1      | 0 ||| qw: God list: Okawaru
     0 | D:1      | 0 ||| qw: Allow faded altars: false
     0 | D:1      | 0 ||| qw: Do Orc after D:15 true
     0 | D:1      | 0 ||| qw: Do second Lair branch before Depths: true
     0 | D:1      | 0 ||| qw: Lair rune preference: random
     0 | D:1      | 0 ||| qw: Plans: Normal, Zot, God:TSO, Crypt, Tomb, Pan,
                  | Slime, Hells, Zig, Abyss, Orb
     0 | D:1      | 0 ||| PLANNING D:1-11
    77 | D:1      | Reached skill level 2 in Axes
   321 | D:1      | Reached XP level 2. HP: 19/19 MP: 2/2
   372 | D:1      | 372 ||| Stepping ~*~*~tactically~*~*~ (stealth).
   546 | D:1      | Reached skill level 3 in Axes
   626 | D:1      | Reached XP level 3. HP: 23/23 MP: 3/3
   667 | D:1      | Found a faded altar of an unknown god.
   786 | D:1      | 786 ||| UPGRADING to +0 cloak.
   791 | D:1      | 791 ||| READING scroll labelled FAPUILA UMAC.
   796 | D:1      | 796 ||| READING 3 scrolls labelled YZXAUBL HIVI.
   797 | D:1      | 797 ||| READING scroll labelled GEXKABR FUASKO.
   798 | D:1      | 798 ||| DROPPING 2 scrolls of immolation.
   828 | D:2      | Reached skill level 1 in Throwing
   832 | D:2      | 832 ||| FLEEEEING.
   833 | D:2      | 833 ||| FLEEEEING.
   835 | D:2      | 835 ||| STAIRDANCE
  1233 | D:2      | 1233 ||| Stepping ~*~*~tactically~*~*~ (stealth).
  1237 | D:2      | Reached XP level 4. HP: 28/28 MP: 4/4
  1760 | D:3      | 1760 ||| Stepping ~*~*~tactically~*~*~ (stealth).
  1764 | D:3      | 1764 ||| Stepping ~*~*~tactically~*~*~ (stealth).
  1773 | D:3      | Found a radiant altar of Vehumet.
  1798 | D:3      | 1798 ||| DROPPING +0 club.
  1980 | D:3      | Reached skill level 4 in Axes
  1986 | D:3      | 1986 ||| Stepping ~*~*~tactically~*~*~ (hiding).
  1988 | D:3      | 1988 ||| Stepping ~*~*~tactically~*~*~ (hiding).
  1996 | D:3      | HP: 6/28 [orc priest/nerve-wracking pain (2)]
  1997 | D:3      | 1997 ||| READING scroll of teleportation.
  1998 | D:3      | Slain by an orc priest

Levels and vault maps discovered:
D:1:      dpeg_arrival_connections, layout_rooms,
          dreamdust_ecumenical_altar_angels_and_demons
D:2:      layout_loops_ring
D:3:      layout_rooms, tgw_sif, mainiacjoe_overflow_tiny_flanked,
          mainiacjoe_overflow_chevrons, mainiacjoe_overflow_catwalk,
          minmay_curled_crystal, kennysheep_nub, kennysheep_minor_cross,
          grunt_ministairs_15, minmay_shallow_snake_nest

Skill      XL: |  1  2  3  4 |
---------------+-------------+-----
Axes           | 2 3 4 |  4.0
Throwing       | 1 |  1.0
Fighting       | |  3.2
Armour         | |  3.2
Shields        | |  3.2

Action                   |  1- 3 |  4- 6 || total
-------------------------+-------+-------++-------
Melee: War axe           |    91 |    54 ||   145
Throw: Javelin           |    17 |    12 ||    29
  Use: Scroll            |     3 |     1 ||     4
Armor: Scale mail        |    62 |    55 ||   117
Dodge: Dodged            |    46 |    39 ||    85
Block: Buckler           |    19 |    16 ||    35

Table legend:
 A = Non-vault XP
 B = Vault XP
 C = Vault XP percentage of total XP
 D = Non-vault monster count
 E = Vault monster count
 F = Vault count percentage of total count
                 A         B        C        D         E       F
            +---------+---------+-------+---------+---------+-------
      Total |     110 |      21 |  16.0 |      49 |       6 |  10.9
            +---------+---------+-------+---------+---------+-------
        D:1 |      36 |       0 |   0.0 |      22 |       0 |   0.0
        D:2 |      56 |       0 |   0.0 |      18 |       0 |   0.0
        D:3 |      18 |      21 |  53.8 |       9 |       6 |  40.0
            +---------+---------+-------+---------+---------+-------
